TOP OF THE 1ST |
So Cal Bruins batting - Pitching for Nassau Rockets : RHP Paço Boda
|
Pitching: RHP Paço Boda
|
|
Batting: LHB Brent Alonzo
|
0-0: Ball 1-0: Foul Ball, location: 2F 1-1: Ball 2-1: Fly out, F1 (Line Drive, 13)
|
Batting: SHB Martín De Jesús
|
0-0: Ball 1-0: Foul Ball, location: 2F 1-1: Ball 2-1: Ball 3-1: Base on Balls
|
Batting: LHB José Antonio Santiago
|
0-0: Ball Throwing error on steal attempt, E2 Martín De Jesús to third 1-0: Called Strike 1-1: Ball 2-1: Ball 3-1: Called Strike 3-2: DOUBLE (Flyball, 8LXD) Martín De Jesús scores
|
Batting: LHB Jeff Carter
|
0-0: Called Strike 0-1: Ball 1-1: Ball 2-1: Foul Ball, location: 2F 2-2: Strikes out looking
|
Batting: RHB Rubén Calderón
|
0-0: Swinging Strike 0-1: Ball 1-1: Foul Ball, location: 2F 1-2: Ball 2-2: Ball 3-2: Strikes out looking
|
Top of the 1st over - 1 run, 1 hit, 1 error, 1 left on base; So Cal 1 - Nassau 0 |
BOTTOM OF THE 1ST |
Nassau Rockets batting - Pitching for So Cal Bruins : RHP Jeffrey King
|
Pitching: RHP Jeffrey King
|
|
Batting: LHB Andrew Alvarado
|
0-0: Ball 1-0: Ball 2-0: Foul Ball, location: 2F 2-1: Ground out 5-3 (Groundball, 56)
|
Batting: LHB Dusty Wilson
|
0-0: Ball 1-0: Ball 2-0: Swinging Strike 2-1: Called Strike 2-2: Ball 3-2: Foul Ball, location: 2F 3-2: Strikes out swinging
|
Batting: SHB Edgardo Osorio
|
0-0: Swinging Strike 0-1: Foul Ball, location: 2F 0-2: Strikes out swinging
|
Bottom of the 1st over - 0 runs, 0 hits, 0 errors, 0 left on base; So Cal 1 - Nassau 0 |
TOP OF THE 2ND |
So Cal Bruins batting - Pitching for Nassau Rockets : RHP Paço Boda
|
Batting: LHB Bob Ware
|
0-0: Ball 1-0: Ball 2-0: Ball 3-0: Called Strike 3-1: Swinging Strike 3-2: Foul Ball, location: 2F 3-2: DOUBLE (Line Drive, 89D)
|
Batting: LHB Morgan Wright
|
0-0: Ball 1-0: Foul Ball, location: 2F 1-1: Ball 2-1: Ball 3-1: Base on Balls
|
Batting: RHB Greg King
|
0-0: Ball 1-0: Fielders Choice at 2nd, 2-6 (Groundball, 2R) Bob Ware to third
|
Batting: SHB Chris Woods
|
0-0: Ball 1-0: Foul Ball, location: 2F 1-1: Ball 2-1: Ball 3-1: Base on Balls Greg King to second
|
Batting: LHB Brent Alonzo
|
0-0: Called Strike 0-1: Ball 1-1: Ball Wild Pitch! Bob Ware scores Greg King to third Chris Woods to second 2-1: Fly out, F7 (Flyball, 7S) Runner from 3rd tags up, SCORES, throw made
|
Batting: SHB Martín De Jesús
|
0-0: Foul Ball, location: 2F 0-1: Ball 1-1: Swinging Strike 1-2: Foul Ball, location: 2F 1-2: Ball 2-2: Ball 3-2: Foul Ball, location: 2F 3-2: SINGLE (Flyball, 9S) Chris Woods to third Chris Woods scores
|
Batting: LHB José Antonio Santiago
|
0-0: Ball 1-0: SINGLE (Line Drive, 4MD) Martín De Jesús to second
|
Batting: LHB Jeff Carter
|
0-0: Swinging Strike 0-1: Foul Ball, location: 2F 0-2: Ball 1-2: Strikes out swinging
|
Top of the 2nd over - 3 runs, 3 hits, 0 errors, 2 left on base; So Cal 4 - Nassau 0 |
BOTTOM OF THE 2ND |
Nassau Rockets batting - Pitching for So Cal Bruins : RHP Jeffrey King
|
Batting: RHB Wallace Greene
|
0-0: Ball 1-0: Called Strike 1-1: Foul Ball, location: 2F 1-2: Strikes out swinging
|
Batting: RHB Salvador Borbón
|
0-0: Swinging Strike 0-1: Foul Ball, location: 2F 0-2: Strikes out swinging
|
Batting: LHB Juan Romero
|
0-0: Swinging Strike 0-1: Foul Ball, location: 2F 0-2: Foul Ball, location: 2F 0-2: Strikes out swinging
|
Bottom of the 2nd over - 0 runs, 0 hits, 0 errors, 0 left on base; So Cal 4 - Nassau 0 |
TOP OF THE 3RD |
So Cal Bruins batting - Pitching for Nassau Rockets : RHP Paço Boda
|
Batting: RHB Rubén Calderón
|
0-0: Ball 1-0: Swinging Strike 1-1: Called Strike 1-2: Fly out, F8 (Flyball, 8RXD)
|
Batting: LHB Bob Ware
|
0-0: Ball 1-0: Ball 2-0: Called Strike 2-1: Fly out, F6 (Popup, 6)
|
Batting: LHB Morgan Wright
|
0-0: Ball 1-0: Foul Ball, location: 2F 1-1: Swinging Strike 1-2: Ball 2-2: Ball 3-2: Fly out, F3 (Line Drive, 34)
|
Top of the 3rd over - 0 runs, 0 hits, 0 errors, 0 left on base; So Cal 4 - Nassau 0 |
BOTTOM OF THE 3RD |
Nassau Rockets batting - Pitching for So Cal Bruins : RHP Jeffrey King
|
Batting: SHB Pepe Pińa
|
0-0: Called Strike 0-1: Ball 1-1: Called Strike 1-2: Strikes out swinging
|
Batting: RHB Jesús Villalobos
|
0-0: Ball 1-0: Ground out 4-3 (Groundball, 4)
|
Batting: RHB Kenji Kudo
|
0-0: Swinging Strike 0-1: Foul Ball, location: 2F 0-2: Strikes out swinging
|
Bottom of the 3rd over - 0 runs, 0 hits, 0 errors, 0 left on base; So Cal 4 - Nassau 0 |
TOP OF THE 4TH |
So Cal Bruins batting - Pitching for Nassau Rockets : RHP Paço Boda
|
Batting: RHB Greg King
|
0-0: Called Strike 0-1: Ball 1-1: Foul Ball, location: 2F 1-2: Foul Ball, location: 2F 1-2: Ball 2-2: Foul Ball, location: 2F 2-2: Ball 3-2: Foul Ball, location: 2F 3-2: Foul Ball, location: 2F 3-2: SOLO HOME RUN (Flyball, 7LD), Distance : 322 ft
|
Batting: SHB Chris Woods
|
0-0: Called Strike 0-1: Ball 1-1: Fly out, F8 (Flyball, 8LM)
|
Batting: LHB Brent Alonzo
|
0-0: Called Strike 0-1: Ball 1-1: Fly out, F7 (Line Drive, 7S)
|
Batting: SHB Martín De Jesús
|
0-0: Swinging Strike 0-1: Ball 1-1: Ground out 5-3 (Groundball, 5L)
|
Top of the 4th over - 1 run, 1 hit, 0 errors, 0 left on base; So Cal 5 - Nassau 0 |
BOTTOM OF THE 4TH |
Nassau Rockets batting - Pitching for So Cal Bruins : RHP Jeffrey King
|
Batting: LHB Andrew Alvarado
|
0-0: Swinging Strike 0-1: Ball 1-1: Ball 2-1: Foul Ball, location: 2F 2-2: Ball 3-2: Base on Balls
|
Batting: LHB Dusty Wilson
|
0-0: Ball 1-0: Swinging Strike 1-1: Ball 2-1: Foul Ball, location: 2F 2-2: Strikes out swinging
|
Batting: SHB Edgardo Osorio
|
0-0: Ball 1-0: Foul Ball, location: 2F 1-1: SINGLE (Groundball, 6D) Andrew Alvarado to second Runner from 2nd tries for 3rd, SAFE, no throw
|
Batting: RHB Wallace Greene
|
0-0: Ball 1-0: Ground out 4-3 (Groundball, 34) Andrew Alvarado scores Edgardo Osorio to second
|
Batting: RHB Salvador Borbón
|
0-0: Called Strike 0-1: Called Strike 0-2: Ball 1-2: Ball 2-2: Fly out, F3 (Popup, 23F)
|
Bottom of the 4th over - 1 run, 1 hit, 0 errors, 1 left on base; So Cal 5 - Nassau 1 |
TOP OF THE 5TH |
So Cal Bruins batting - Pitching for Nassau Rockets : RHP Paço Boda
|
Batting: LHB José Antonio Santiago
|
0-0: Fly out, F8 (Flyball, 78M)
|
Batting: LHB Jeff Carter
|
0-0: Called Strike 0-1: Swinging Strike 0-2: Foul Ball, location: 2F 0-2: Strikes out swinging
|
Batting: RHB Rubén Calderón
|
0-0: Swinging Strike 0-1: Swinging Strike 0-2: Strikes out swinging
|
Top of the 5th over - 0 runs, 0 hits, 0 errors, 0 left on base; So Cal 5 - Nassau 1 |
BOTTOM OF THE 5TH |
Nassau Rockets batting - Pitching for So Cal Bruins : RHP Jeffrey King
|
Batting: LHB Juan Romero
|
0-0: Ball 1-0: Ball 2-0: Called Strike 2-1: Ground out 1-3 (Groundball, P)
|
Batting: SHB Pepe Pińa
|
0-0: Foul Ball, location: 2F 0-1: Ball 1-1: Foul Ball, location: 2F 1-2: Ball 2-2: Hit by Pitch
|
Batting: RHB Jesús Villalobos
|
0-0: Foul Ball, location: 2F 0-1: Swinging Strike 0-2: SINGLE (Groundball, 4D) Pepe Pińa to second Runner from 2nd tries for 3rd, SAFE, no throw
|
Batting: RHB Kenji Kudo
|
0-0: Ball 1-0: Called Strike 1-1: Foul Ball, location: 2F 1-2: Strikes out swinging
|
Batting: LHB Andrew Alvarado
|
0-0: Ball 1-0: DOUBLE (Flyball, 7LD) Pepe Pińa scores Jesús Villalobos to third
|
Batting: LHB Dusty Wilson
|
0-0: Foul Ball, location: 2F 0-1: Called Strike 0-2: Ball 1-2: Foul Ball, location: 2F 1-2: Ball 2-2: Foul Ball, location: 2F 2-2: Strikes out swinging
|
Bottom of the 5th over - 1 run, 2 hits, 0 errors, 2 left on base; So Cal 5 - Nassau 2 |
TOP OF THE 6TH |
So Cal Bruins batting - Pitching for Nassau Rockets : RHP Paço Boda
|
Pitching: RHP Chris Marshall
|
|
Batting: LHB Bob Ware
|
0-0: Called Strike 0-1: Ball 1-1: Ball 2-1: Foul Ball, location: 2F 2-2: Ball 3-2: Foul Ball, location: 2F 3-2: Base on Balls
|
Batting: LHB Morgan Wright
|
0-0: Ball 1-0: Grounds into double play, 4-6-3 (Groundball, 4)
|
Batting: RHB Greg King
|
0-0: Ball 1-0: Ball 2-0: SINGLE (Line Drive, 78M)
|
Batting: SHB Chris Woods
|
0-0: Called Strike 0-1: Ball Greg King steals 2nd base 1-1: Foul Ball, location: 2F 1-2: Strikes out swinging
|
Top of the 6th over - 0 runs, 1 hit, 0 errors, 1 left on base; So Cal 5 - Nassau 2 |
BOTTOM OF THE 6TH |
Nassau Rockets batting - Pitching for So Cal Bruins : RHP Jeffrey King
|
Batting: SHB Edgardo Osorio
|
0-0: Swinging Strike 0-1: Called Strike 0-2: Foul Ball, location: 2F 0-2: Foul Ball, location: 2F 0-2: Foul Ball, location: 2F 0-2: Ball 1-2: Foul Ball, location: 2F 1-2: Ball 2-2: Ball 3-2: Foul Ball, location: 2F 3-2: Strikes out swinging
|
Batting: RHB Wallace Greene
|
0-0: Foul Ball, location: 2F 0-1: Ground out 5-3 (Groundball, 56S)
|
Batting: RHB Salvador Borbón
|
0-0: Ball 1-0: Ball 2-0: Foul Ball, location: 2F 2-1: Ball 3-1: Base on Balls
|
Batting: LHB Juan Romero
|
0-0: Ball 1-0: Ball 2-0: 2-RUN HOME RUN (Flyball, 9LD), Distance : 343 ft
|
Batting: SHB Pepe Pińa
|
0-0: Ground out 4-3 (Groundball, 4)
|
Bottom of the 6th over - 2 runs, 1 hit, 0 errors, 0 left on base; So Cal 5 - Nassau 4 |
TOP OF THE 7TH |
So Cal Bruins batting - Pitching for Nassau Rockets : RHP Chris Marshall
|
Pitching: LHP Dennis Taylor
|
|
Batting: LHB Brent Alonzo
|
0-0: Ball 1-0: SOLO HOME RUN (Flyball, 9LD), Distance : 320 ft
|
Batting: SHB Martín De Jesús
|
0-0: Ball 1-0: Foul Ball, location: 2F 1-1: Foul Ball, location: 2F 1-2: Ground out 3-1 (Groundball, 34)
|
Batting: LHB José Antonio Santiago
|
0-0: Ball 1-0: Called Strike 1-1: Swinging Strike 1-2: Foul Ball, location: 2F 1-2: Strikes out swinging
|
Batting: LHB Jeff Carter
|
0-0: Ball 1-0: Called Strike 1-1: Swinging Strike 1-2: Ball 2-2: Foul Ball, location: 2F 2-2: Foul Ball, location: 2F 2-2: Ball 3-2: Strikes out looking
|
Top of the 7th over - 1 run, 1 hit, 0 errors, 0 left on base; So Cal 6 - Nassau 4 |
BOTTOM OF THE 7TH |
Nassau Rockets batting - Pitching for So Cal Bruins : RHP Jeffrey King
|
Pitching: RHP Flint Gray
|
|
Batting: RHB Jesús Villalobos
|
0-0: Called Strike 0-1: Swinging Strike 0-2: Ball 1-2: Strikes out swinging
|
Batting: RHB Kenji Kudo
|
0-0: Called Strike 0-1: Ball 1-1: Swinging Strike 1-2: Foul Ball, location: 2F 1-2: Foul Ball, location: 2F 1-2: Fly out, F8 (Flyball, 8LM)
|
Batting: LHB Andrew Alvarado
|
0-0: Ball 1-0: Foul Ball, location: 2F 1-1: Called Strike 1-2: Fly out, F5 (Popup, 56)
|
Bottom of the 7th over - 0 runs, 0 hits, 0 errors, 0 left on base; So Cal 6 - Nassau 4 |
TOP OF THE 8TH |
So Cal Bruins batting - Pitching for Nassau Rockets : LHP Dennis Taylor
|
Pitching: RHP Ju-choer Yi
|
|
Batting: RHB Rubén Calderón
|
0-0: Ball 1-0: Called Strike 1-1: Ball 2-1: Foul Ball, location: 2F 2-2: Fly out, F9 (Flyball, 9LS)
|
Batting: LHB Bob Ware
|
0-0: Called Strike 0-1: Swinging Strike 0-2: Strikes out looking
|
Batting: LHB Morgan Wright
|
0-0: Foul Ball, location: 2F 0-1: Ball 1-1: Ground out 2-3 (Groundball, 15S)
|
Top of the 8th over - 0 runs, 0 hits, 0 errors, 0 left on base; So Cal 6 - Nassau 4 |
BOTTOM OF THE 8TH |
Nassau Rockets batting - Pitching for So Cal Bruins : RHP Flint Gray
|
Batting: LHB Dusty Wilson
|
0-0: Foul Ball, location: 2F 0-1: Ball 1-1: Ball 2-1: Ball 3-1: Fly out, F6 (Line Drive, 56)
|
Batting: SHB Edgardo Osorio
|
0-0: Called Strike 0-1: Ball 1-1: Ground out 4-3 (Groundball, 34D)
|
Batting: RHB Wallace Greene
|
0-0: Ball 1-0: Fly out, F7 (Flyball, 78S)
|
Bottom of the 8th over - 0 runs, 0 hits, 0 errors, 0 left on base; So Cal 6 - Nassau 4 |
TOP OF THE 9TH |
So Cal Bruins batting - Pitching for Nassau Rockets : RHP Ju-choer Yi
|
Batting: RHB Greg King
|
0-0: Ball 1-0: Ball 2-0: Called Strike 2-1: SINGLE (Line Drive, 7S)
|
Batting: SHB Chris Woods
|
0-0: Called Strike Greg King steals 2nd base 0-1: Ball 1-1: Called Strike 1-2: Ball 2-2: Foul Ball, location: 2F 2-2: Strikes out swinging
|
Batting: LHB Brent Alonzo
|
0-0: Ground out 4-3 (Groundball, 4) Greg King to third
|
Batting: SHB Martín De Jesús
|
0-0: Ball 1-0: Ball 2-0: Ball 3-0: Called Strike 3-1: Swinging Strike 3-2: Base on Balls
|
Batting: LHB José Antonio Santiago
|
0-0: Ball 1-0: SINGLE (Line Drive, 56) Greg King scores Martín De Jesús to second
|
Batting: LHB Jeff Carter
|
0-0: Ball 1-0: Ball 2-0: Called Strike 2-1: Foul Ball, location: 2F 2-2: Ball 3-2: Base on Balls Martín De Jesús to third José Antonio Santiago to second
|
Batting: RHB Rubén Calderón
|
0-0: Fly out, F9 (Flyball, 9S)
|
Top of the 9th over - 1 run, 2 hits, 0 errors, 3 left on base; So Cal 7 - Nassau 4 |
BOTTOM OF THE 9TH |
Nassau Rockets batting - Pitching for So Cal Bruins : RHP Flint Gray
|
Pitching: RHP César Menéndez
|
|
Batting: RHB Salvador Borbón
|
0-0: Ball 1-0: Called Strike 1-1: Ground out 1-3 (Groundball, 13S)
|
Batting: LHB Juan Romero
|
0-0: Called Strike 0-1: Ground out 5-3 (Groundball, 56S)
|
Batting: SHB Pepe Pińa
|
0-0: Ball 1-0: Called Strike 1-1: Swinging Strike 1-2: Ball 2-2: Ball 3-2: Base on Balls
|
Batting: RHB Jesús Villalobos
|
0-0: Ball 1-0: Fielders Choice at 2nd, 5-4 (Groundball, 56)
|
Bottom of the 9th over - 0 runs, 0 hits, 0 errors, 1 left on base; So Cal 7 - Nassau 4 |
|